 Dungeon Crawl Stone Soup version 0.30.0-10-gfe55d96785 (webtiles) character file.

Game seed: 11644064337514973079

4248 browni3141 the Geomancer (level 10, -10/74 HPs)
             Began as a Barachi Earth Elementalist on May 13, 2023.
             Was a Believer of Cheibriados.
             Mangled by a yak (15 damage)
             ... on level 8 of the Dungeon.
             The game lasted 00:19:29 (9554 turns).

browni3141 the Geomancer (BaEE)                     Turns: 9554, Time: 00:19:29

Health: -10/74     AC:  7    Str: 19    XL:     10   Next: 31%
Magic:  13/23      EV: 13    Int: 27    God:    Cheibriados [**....]
Gold:   437        SH:  0    Dex: 19    Spells: 5/15 levels left

rFire   . . .        Z - +5 falchion (heavy)
rCold   . . .        (no shield)
rNeg    + . .        B - +1 leather armour of the Game Afoot {MP+9 Str+5}
rPois   .            y - +0 helmet
rElec   .            U - scarf "Varphunk" {repulsion, Will+ Int+4 Dex+2 Stlth+}
rCorr   .            A - +0 pair of gloves
SInv    .            I - +0 pair of boots
Will    +....        (no amulet)
Stlth   ++++         s - ring of positive energy
HPRegen 0.32/turn    (no ring)
MPRegen 0.18/turn

%: repel missiles
@: unable to hop, very slow
A: amphibious, slowness 1, strong legs 1, +LOS
a: Hop, Renounce Religion, Bend Time


You were on level 8 of the Dungeon.
You worshipped Cheibriados.
Cheibriados was pleased with you.
You visited 2 branches of the dungeon, and saw 10 of its levels.

You collected 572 gold pieces.
You spent 135 gold pieces at shops.

Inventory:

Hand Weapons
 o - a +0 rapier
 Z - a +5 heavy falchion (weapon)
Missiles
 l - 3 silver boomerangs
 J - 6 curare-tipped darts
 Q - 6 poisoned darts
 T - a boomerang
Armour
 a - a +0 robe
 n - a +0 leather armour
 r - a +1 robe of cold resistance
 v - a +0 helmet
 y - a +0 helmet (worn)
 A - a +0 pair of gloves (worn)
 B - the +1 leather armour of the Game Afoot (worn) {MP+9 Str+5}
   (You found it on level 2 of the Dungeon)

   Str:       It affects your strength (+5).
   MP:        It affects your magic capacity (+9).
 I - a +0 pair of boots (worn)
 U - the scarf "Varphunk" (worn) {repulsion, Will+ Int+4 Dex+2 Stlth+}
   (You acquired it on level 6 of the Dungeon)

   Int:       It affects your intelligence (+4).
   Dex:       It affects your dexterity (+2).
   Will:      It increases your willpower.
   Stlth:     It makes you more stealthy.
Jewellery
 s - a ring of positive energy (left hand)
 Y - a +6 ring of intelligence
Wands
 O - a wand of charming (4)
 S - a wand of mindburst (6)
 V - a wand of flame (27)
Scrolls
 p - a scroll of butterflies
 q - a scroll of noise
 t - 2 scrolls of vulnerability
 x - 7 scrolls of teleportation
 D - a scroll of poison {unknown}
 E - 3 scrolls of fear
 F - 2 scrolls of brand weapon
 M - a scroll of torment {unknown}
 W - a scroll of fog {unknown}
 X - a scroll of magic mapping {unknown}
Potions
 m - 3 potions of magic
 u - 2 potions of brilliance {unknown}
 w - 2 potions of mutation {unknown}
 z - a potion of attraction {unknown}
 C - 6 potions of curing
 G - 2 potions of berserk rage {unknown}
 H - a potion of heal wounds
 K - 3 potions of flight {unknown}
 L - 2 potions of lignification
 N - a potion of might {unknown}
 P - a potion of cancellation {unknown}
 R - a potion of haste {unknown}


   Skills:
 + Level 5.0 Fighting
 - Level 4.0(5.4) Short Blades
 * Level 6.3(7.0) Long Blades
 - Level 2.0 Armour
 - Level 3.0 Dodging
 - Level 4.0 Stealth
 - Level 3.0 Spellcasting
 - Level 5.0 Transmutations
 - Level 10.0 Earth Magic
 - Level 3.0 Invocations
 - Level 2.0 Evocations


You had 5 spell levels left.
You knew the following spells:

 Your Spells              Type           Power      Damage    Failure   Level
a - Sandblast             Erth           100%       2d20      1%          1
b - Stone Arrow           Conj/Erth      62%        3d10      4%          3
c - Petrify               Tmut/Erth      44%        N/A       4%          4
P - Passwall              Tmut/Erth      36%        N/A       1%          2

Your spell library contained the following spells:

 Spells                   Type           Power      Damage    Failure   Level
 Apportation              Tloc           8%         N/A       11%         1
 Magic Dart               Conj           16%        1d3       11%         1
 Necrotise                Necr           16%        1d4       11%         1
 Summon Small Mammal      Summ           16%        N/A       11%         1
 Call Imp                 Summ           8%         N/A       16%         2
 Ensorcelled Hibernation  Hex/Ice        8%         N/A       16%         2
 Frozen Ramparts          Ice            8%         1d2       30%         3
 Mephitic Cloud           Conj/Pois/Air  4%         N/A       30%         3
 Ozocubu's Armour         Ice            4%         N/A       30%         3
 Swiftness                Air            4%         N/A       30%         3
 Ice Form                 Ice/Tmut       17%        N/A       36%         4
 Summon Ice Beast         Ice/Summ       4%         N/A       71%         4
 Metabolic Englaciation   Hex/Ice        2%         N/A       96%         5
 Statue Form              Tmut/Erth      29%        N/A       58%         6
 Ozocubu's Refrigeration  Ice            2%         4d7       100%        7


Dungeon Overview and Level Annotations

Branches:
Dungeon (9/15)             Temple (1/1) D:5
   Lair: D:8-11         Orc: D:9-12

Altars:
Ashenzari
Cheibriados
Dithmenos
Elyvilon
Gozag
Hepliaklqana
Kikubaaqudgha
Nemelex Xobeh
Okawaru
Qazlal
Ru
Sif Muna
Trog
Uskayaw
Vehumet
Wu Jian
Xom
Yredelemnul
Zin
The Shining One

Shops:
D:6 [   D:7 ?


Innate Abilities, Weirdness & Mutations

You are amphibious.
You cover ground slowly.
You can hop short distances.
You have an extended range of vision and can be seen from far away.


Message History

Confirm with . or Enter, or press ? or * to list all spells.
Aiming: Stone Arrow (dangerous; 4% risk of failure)
Press: ? - help, Shift-Dir - straight line, f/p - gargoyle
Aim: a gargoyle, wielding a +0 morningstar (heavily damaged, 88% to hit)
The stone arrow hits the gargoyle.
The gargoyle is severely damaged.
Casting: Stone Arrow (dangerous; 4% risk of failure)
Confirm with . or Enter, or press ? or * to list all spells.
Aiming: Stone Arrow (dangerous; 4% risk of failure)
Press: ? - help, Shift-Dir - straight line, f/p - gargoyle
Aim: a gargoyle, wielding a +0 morningstar (severely damaged, 88% to hit)
The stone arrow hits the gargoyle.
The gargoyle is almost destroyed.
The gargoyle hurls a stone arrow at you.
The stone arrow is repelled.
Casting: Stone Arrow (dangerous; 4% risk of failure)
Confirm with . or Enter, or press ? or * to list all spells.
Aiming: Stone Arrow (dangerous; 4% risk of failure)
Press: ? - help, Shift-Dir - straight line, f/p - gargoyle
Aim: a gargoyle, wielding a +0 morningstar (severely damaged, 88% to hit)
The stone arrow hits the gargoyle!
You destroy the gargoyle!
Cheibriados appreciates the change of pace.
Your Fighting skill increases to level 5!
Your base Long Blades skill increases to level 6!
Key pressed, stopping explore.
Things that are here:
a +0 dagger; a +0 robe; a +0 dagger You now have 437 gold pieces (gained 24).
Done exploring.
Done exploring.
Things that are here:
a +0 dagger; a +0 robe; a +0 dagger
Things that are here:
a +0 chain mail; a +0 dagger
There is a stone staircase leading up here.
There is a stone staircase leading down here.
You climb downwards.
There is a stone staircase leading up here. 2 yaks come into view.
There are monsters nearby!
There are monsters nearby!
There are monsters nearby!
The yak bellows!
You hear a bellow! x3
A kobold comes into view. It is wielding a +0 dagger.
The yak bellows!
A kobold comes into view. It is wielding a +0 short sword.
A yak comes into view.
A centaur comes into view.
The kobold moves out of view.
You see here 3 silver boomerangs.
l - 3 silver boomerangs A yak comes into view. x2
A yak comes into view.
A yak comes into view.
Hop to where?
Press: ? - help, Dir - move target Boing!
The yak closely misses you. The yak gores you but does no damage.
There is a stone staircase leading up here.
The yak bellows! x2
You slice the yak!!
The yak is heavily wounded.
The yak gores you!
The yak snorts and paws the ground.
The yak gores you. The yak misses you. x2
The yak misses you. The yak barely misses you.
You climb upwards.
There is a stone staircase leading down here.
The yak attacks as you move away! The yak completely misses you.
The yak gores you! The yak closely misses you. The yak gores you!
The yak barely misses you. The yak gores you!
* * * LOW HITPOINT WARNING * * *
The yak barely misses you.
Casting: Stone Arrow (dangerous; 4% risk of failure)
Confirm with . or Enter, or press ? or * to list all spells.
Aiming: Petrify (dangerous; 4% risk of failure)
Press: ? - help, Shift-Dir - straight line, f - yak
Aim: a yak (heavily wounded, chance to affect: 68%)
The yak struggles to resist.
The yak barely misses you.
Casting: Petrify (dangerous; 4% risk of failure)
Confirm with . or Enter, or press ? or * to list all spells.
Aiming: Petrify (dangerous; 4% risk of failure)
Press: ? - help, Shift-Dir - straight line, f/p - yak
Aim: a yak (heavily wounded, chance to affect: 68%)
The yak is moving more slowly.
The yak gores you but does no damage.
Casting: Petrify (dangerous; 4% risk of failure)
Confirm with . or Enter, or press ? or * to list all spells.
Aiming: Stone Arrow (dangerous; 4% risk of failure)
Press: ? - help, Shift-Dir - straight line, f/p - yak
Aim: a yak (heavily wounded, petrifying slowly, 100% to hit)
The stone arrow hits the yak!
The yak is severely wounded.
The yak gores you!
* * * LOW HITPOINT WARNING * * *
The yak attacks as you move away! The yak gores you!
* * * LOW HITPOINT WARNING * * *
The yak attacks as you move away! The yak gores you!
You die...

...###..................##...####
.###....##..............#.....##
.###...###.##..#.##..##.#......#
.##...## #)###...##.###......#.##
.....#####.###......###.#).......
##...##.................)........
##.............#..####[#........
###..##.........#..###..#........
.......)......##@...#..##........
##..###....>.YYY.##.<..##........
#...###.......######...##########
.....##.......# #...#
..P...........# #...#
.P~~P.........# #####
..PP..#..###### .....'##..#
.⌠..##_##.#


You could see 3 yaks.

Vanquished Creatures
  A two-headed ogre (D:8)
  Pikel (D:8)
  A gargoyle (D:8)
  2 steam dragons
  A water moccasin (D:5)
  2 sky beasts
  An ice beast (D:7)
  4 black bears
  2 ogres
  A centaur (D:6)
  A lemure (D:8)
  A phantom (D:5)
  A kobold brigand (D:8)
  6 bullfrogs
  3 scorpions
  4 wights
  2 howler monkeys (D:5)
  A jelly (D:4)
  An orc priest (D:4)
  4 hounds
  2 sleepcaps (D:6)
  4 iguanas
  2 orc wizards
  3 gnolls (D:5)
  7 adders
  2 white imps
  2 ufetubi
  3 worms
  18 orcs
  9 ball pythons
  4 bats
  6 endoplasms
  6 giant cockroaches
  6 goblins
  8 hobgoblins
  11 jackals
  9 kobolds
  5 quokkas
  6 frilled lizards
  9 rats
162 creatures vanquished.

Vanquished Creatures (collateral kills)
  A phantom (D:6)
  An adder (D:6)
2 creatures vanquished.

Grand Total: 164 creatures vanquished

Notes
Turn   | Place    | Note
-------+----------+-------------------------------------------
     0 | D:1      | browni3141 the Barachi Earth Elementalist began the quest
                  | for the Orb.
     0 | D:1      | Reached XP level 1. HP: 13/13 MP: 3/3
   216 | D:1      | Reached XP level 2. HP: 14/19 MP: 0/5
   912 | D:1      | Reached XP level 3. HP: 26/26 MP: 4/6
  1389 | D:2      | Reached XP level 4. HP: 30/32 MP: 4/7
  1398 | D:2      | Found a shadowy altar of Dithmenos.
  1578 | D:2      | Identified the +1 leather armour of the Game Afoot {MP+9
                  | Str+5}
  1619 | D:2      | Learned a level 3 spell: Stone Arrow
  1624 | D:2      | Learned a level 4 spell: Petrify
  1832 | D:2      | Reached skill level 3 in Dodging
  2252 | D:3      | Reached XP level 5. HP: 27/38 MP: 8/9
  2757 | D:4      | Noticed an ogre
  2958 | D:4      | Reached skill level 3 in Stealth
  3420 | D:4      | Noticed an ogre
  3440 | D:4      | Reached XP level 6. HP: 39/46 MP: 10/10
  3602 | D:4      | Reached skill level 3 in Spellcasting
  3647 | D:4      | Reached skill level 3 in Fighting
  3885 | D:5      | Entered Level 5 of the Dungeon
  3924 | D:5      | Reached skill level 3 in Short Blades
  4078 | D:5      | Reached XP level 7. HP: 47/52 MP: 7/11
  4393 | D:5      | Reached skill level 4 in Earth Magic
  4482 | D:5      | Reached skill level 5 in Earth Magic
  4748 | D:5      | Identified the +0 plate armour of the Distant Future {rF-
                  | rC++ Will+}
  4848 | D:5      | Found a staircase to the Ecumenical Temple.
  4943 | D:5      | Reached skill level 6 in Earth Magic
  4994 | Temple   | Entered the Ecumenical Temple
  5110 | Temple   | Became a worshipper of Cheibriados the Contemplative
  5276 | D:5      | Reached XP level 8. HP: 29/58 MP: 12/12
  5766 | D:6      | Found Zuepiaplunuj's Antique Armour Shoppe.
  5836 | D:6      | Reached skill level 7 in Earth Magic
  6001 | D:6      | Reached skill level 8 in Earth Magic
  6087 | D:6      | Reached skill level 3 in Transmutations
  6341 | D:5      | Reached * piety under Cheibriados
  6597 | D:4      | Reached XP level 9. HP: 59/62 MP: 11/13
  7264 | D:6      | Reached skill level 3 in Invocations
  7267 | D:6      | Learned a level 2 spell: Passwall
  8025 | D:7      | Reached skill level 9 in Earth Magic
  8120 | D:7      | Found a broken altar of Ashenzari.
  8270 | D:7      | Reached skill level 10 in Earth Magic
  8353 | D:7      | Found Kaihom's Magic Scroll Emporium.
  8356 | D:7      | Bought a scroll of teleportation for 45 gold pieces
  8356 | D:7      | Bought a scroll of identify for 30 gold pieces
  8356 | D:7      | Bought a scroll of fear for 60 gold pieces
  8360 | D:7      | Identified a scroll of acquirement
  8661 | D:6      | Acquired the scarf "Varphunk" {repulsion, Will+ Int+4 Dex+2
                  | Stlth+}
  8698 | D:8      | Noticed a gargoyle
  8825 | D:8      | Reached ** piety under Cheibriados
  8882 | D:8      | Noticed a two-headed ogre
  8921 | D:8      | Killed a two-headed ogre
  8922 | D:8      | Reached XP level 10. HP: 71/71 MP: 6/14
  9128 | D:8      | Noticed Pikel
  9140 | D:8      | Killed Pikel
  9353 | D:8      | Found a glowing golden altar of the Shining One.
  9367 | D:8      | Killed a gargoyle
  9368 | D:8      | Reached skill level 6 in Long Blades
  9554 | D:8      | Mangled by a yak

Illustrated notes

Levels and vault maps discovered:
D:1:      denvon_arrival_hothouse, layout_rooms, serial_rivers,
          chequers_serial_rivers_micro_e, chequers_serial_rivers_room_a,
          chequers_serial_rivers_large_b, chequers_serial_rivers_small_a,
          chequers_serial_rivers_small_b, chequers_serial_rivers_large_a,
          hangedman_decor_points, minmay_pentomino_r2
D:2:      layout_basic, basic_altar, grunt_ministairs_6
D:3:      layout_basic, serial_bayou, serial_bayou_shore_b, serial_bayou_ford_a,
          serial_bayou_pond_b, serial_bayou_shore_b, minmay_fractal_squares_5
D:4:      layout_loops_corners, hangedman_decor_growths
D:5:      layout_loops_ring, lemuel_temple_firewalk_b, serial_co_window_serial,
          co_window_paths_a, co_window_paths_a, co_window_paths_a,
          co_window_of_opportunity_a, co_window_corner_a, co_window_2corner,
          co_window_paths_c, co_window_corner_ca, co_window_broadway_c,
          co_window_corner_b, glass_columns_b, glass_columns_b, glass_columns_c
D:6:      layout_layer_cave, serial_shops, shop, minmay_crystal_water,
          hellmonk_no_cap
D:7:      layout_basic, cheibrodos_ashenzari_chains, serial_shops,
          nicolae_shop_rolled_up, grunt_ministairs_2
D:8:      layout_rooms, tso_oasis_becter, uniq_pikel
D:9:      layout_big_octagon, fedhas_altar_fruit_tree, gammafunk_ghost_grave,
          onia_ninara_cookie, uniq_joseph
Temple:   mainiacjoe_temple_coin_purse

Skill      XL: |  1  2  3  4  5  6  7  8  9 10 |
---------------+-------------------------------+-----
Stealth        | 2 3 4 |  4.0
Fighting       | 1 2 3 4 5 |  5.0
Short Blades   | 1 2 3 4 |  4.0
Dodging        | 3 |  3.0
Transmutations | 2 5 |  5.0
Spellcasting   | 3 |  3.0
Earth Magic    | 6 8 10 | 10.0
Armour         | 1 2 |  2.0
Invocations    | 1 3 |  3.0
Evocations     | 2 |  2.0
Long Blades    | 4 6 |  6.3

Action                     |  1- 3 |  4- 6 |  7- 9 | 10-12 || total
---------------------------+-------+-------+-------+-------++-------
  Melee: Rapier            |    40 |    42 |    21 |       ||   103
         Punch             |       |     1 |       |       ||     1
         Falchion          |       |       |    10 |     6 ||    16
   Cast: Sandblast         |    42 |   105 |   118 |     8 ||   273
         Stone Arrow       |       |     4 |     7 |     7 ||    18
         Petrify           |       |       |    17 |     3 ||    20
Ability: Hop               |     1 |     7 |     9 |     2 ||    19
  Evoke: Wand              |       |       |    13 |       ||    13
    Use: Scroll            |       |     2 |     8 |       ||    10
         Potion            |       |     1 |     1 |       ||     2
   Stab: Petrified         |       |       |    12 |     4 ||    16
         Sleeping          |       |       |     1 |       ||     1
 Armour: Leather armour    |    23 |    16 |    16 |     2 ||    57
  Dodge: Dodged            |    40 |    55 |    70 |    15 ||   180
         Repelled          |       |       |       |     5 ||     5
